 Dungeon Crawl Stone Soup version 0.28-a0-20-gdd470a43dd (webtiles) character file.

Game seed: 9192357976076449977

36 HAL9000 the Changer (level 3, -1/28 HPs)
             Began as a Draconian Transmuter on July 26, 2021.
             Was a Follower of Cheibriados.
             Slain by Robin (2 damage)
             ... on level 2 of the Dungeon.
             The game lasted 00:02:01 (1519 turns).

HAL9000 the Changer (Draconian Transmuter)          Turns: 1519, Time: 00:02:01

Health: -1/28      AC:  5    Str: 15    XL:     3   Next: 19%
Magic:  1/6        EV: 12    Int: 16    God:    Cheibriados [*.....]
Gold:   16         SH:  0    Dex: 15    Spells: 0/6 levels left

rFire   . . .      SeeInvis .     - Unarmed
rCold   . . .      Faith    .   (no shield)
rNeg    . . .      Spirit   .   (armour unavailable)
rPois   .          Reflect  .   (helmet restricted)
rElec   .          Harm     .   (no cloak)
rCorr   .          Rampage  .   (no gloves)
Will    .....                   (no boots)
Stlth   +.........              (no amulet)
HPRegen 0.09/turn               (no ring)
MPRegen 0.10/turn               (no ring)

@: very slightly contaminated, slowed, very slow
A: AC +5, unfitting armour, cold-blooded
a: Renounce Religion, Bend Time


You were on level 2 of the Dungeon.
You worshipped Cheibriados.
Cheibriados was aware of your devotion.
You visited 1 branch of the dungeon, and saw 2 of its levels.

You collected 16 gold pieces.

Inventory:

Hand Weapons
 e - a +4 dagger
Jewellery
 d - an amulet of reflection
Scrolls
 f - a scroll of torment {unknown}
Potions
 a - a potion of might {unknown}
 b - a potion of haste {unknown}
 c - a potion of heal wounds {unknown}


   Skills:
 - Level 1.1 Fighting
 - Level 1.7 Dodging
 - Level 3.0 Unarmed Combat
 - Level 2.0 Spellcasting
 + Level 3.7 Transmutations


You couldn't memorise any spells.
You knew the following spells:

 Your Spells              Type           Power      Damage    Failure   Level
a - Beastly Appendage     Tmut           26%        N/A       4%          1
b - Wereblood             Tmut           13%        N/A       7%          2
c - Spider Form           Tmut/Pois      3%         N/A       28%         3

Your spell library contained the following spells:

 Spells                   Type           Power      Damage    Failure   Level
 Ice Form                 Ice/Tmut       7%         N/A       67%         4


Dungeon Overview and Level Annotations

Branches:
Dungeon (2/15)

Altars:
Cheibriados

Annotations:
D:2 Robin


Innate Abilities, Weirdness & Mutations

Your plain brown scales are hard. (AC +5)
You cannot fit into any form of body armour.
You are cold-blooded and may be slowed by cold attacks.


Message History

A goblin comes into view. It is wielding a +0 dagger.
Robin roars a battlecry!
The goblin goes into a battle-frenzy!
The goblin hits you but does no damage.
You hear a shout!
The goblin hits you with a +0 club.
Robin roars a battlecry!
The kobold hits you with a +0 dagger. The goblin closely misses you.
Your horns disappear.
Your talons disappear.
Casting: Beastly Appendage (safe; 4% risk of failure)
Confirm with . or Enter, or press ? or * to list all spells.
The spell is extremely dangerous to cast (28% risk of failure)!
Continue anyway?
You miscast Spider Form.
You are very lightly contaminated with residual magic.
Nothing appears to happen.
The goblin barely misses you.
Unknown command.
You closely miss the goblin.
Your tail-slap misses the goblin.
The goblin hits you with a +0 club.
The goblin no longer looks unusually strong.
The goblin barely misses you.
Items here: ( ))) †.
Items here: ))) ††.
Casting: Spider Form (extremely dangerous; 28% risk of failure)
Confirm with . or Enter, or press ? or * to list all spells.
The spell is extremely dangerous to cast (28% risk of failure)!
Continue anyway?
You miscast Spider Form.
Nothing appears to happen.
The goblin barely misses you.
You hit the goblin.
You kill the goblin!
Cheibriados appreciates the change of pace.
Robin misses you.
Robin laughs in a distinctly smug fashion.
Robin hits you but does no damage.
Robin hits you from afar with a +2 trident of freezing!
Robin freezes you.
Robin hits you from afar with a +2 trident of freezing!
* * * LOW HITPOINT WARNING * * *
You feel yourself slow down. Robin freezes you.
You die...

######## #..#.# #......# #.#..#.#
#......# #.#..#.# #......#
#.#..#.# #......# #.#..#.#
#......# #.#..#.# #....(.#
#.#..#.#
##########......###.#..#..
#.))..Kg.@................
########.########......###.#.....
..............# ######## #.#..###
########.####.# #.#..... #..K...#
#.##.... #.#....# #.##....
#.#g)..# #.##.... ###?#....###...
#.##.... ....>..).$......
...#....


You could see Robin and a kobold.

Vanquished Creatures
  2 bats (D:1)
  A giant cockroach (D:1)
  13 goblins
  5 hobgoblins
  3 jackals (D:1)
  2 kobolds (D:1)
  A frilled lizard (D:1)
  2 rats (D:1)
29 creatures vanquished.

Notes
Turn   | Place    | Note
-------+----------+-------------------------------------------
     0 | D:1      | HAL9000 the Draconian Transmuter began the quest for the
                  | Orb.
     0 | D:1      | Reached XP level 1. HP: 16/16 MP: 3/3
   354 | D:1      | Reached XP level 2. HP: 19/23 MP: 5/5
   499 | D:1      | Learned a level 2 spell: Wereblood
  1092 | D:1      | Found a faded altar of an unknown god.
  1295 | D:1      | Became a worshipper of Cheibriados the Contemplative
  1295 | D:1      | Reached * piety under Cheibriados
  1380 | D:2      | Reached XP level 3. HP: 28/28 MP: 4/6
  1399 | D:2      | Learned a level 3 spell: Spider Form
  1497 | D:2      | Noticed Robin
  1519 | D:2      | HP: 1/28 [Robin (8)]
  1519 | D:2      | Slain by Robin

Illustrated notes

Levels and vault maps discovered:
D:1:      elethiomel_arrival_quiet, layout_basic,
          hellmonk_ecumenical_altar_inner_sanctum
D:2:      layout_basic, solitary_fountain, uniq_robin

Skill      XL: |  1  2 |
---------------+-------+-----
Transmutations | 3 |  3.7
Fighting       | |  1.1
Dodging        | |  1.7
Unarmed Combat | |  3.0
Spellcasting   | |  2.0

Action                   || total
-------------------------++-------
Melee: Unarmed           ||    78
       Tailslap          ||     9
       Headbutt          ||     7
       Kick              ||     9
 Cast: Beastly Appendage ||    15
Armor: Skin              ||    25
Dodge: Dodged            ||    55

Table legend: (Time is in decaauts)
 A = Elapsed time spent in this place.
 B = Non-inter-level travel time spent in this place.
 C = Inter-level travel time spent in this place.
 D = Time resting spent in this place.
 E = Time spent auto-exploring this place.
 F = Levels seen in this place.
 G = Mean time per level.
                   A        B        C        D        E       F      G
               +--------+--------+--------+--------+--------+-----+--------+
         Total |   1549 |   1469 |     80 |    228 |   1024 |   2 |  774.5 |
       Dungeon |   1549 |   1469 |     80 |    228 |   1024 |   2 |  774.5 |
               +--------+--------+--------+--------+--------+-----+--------+

Top non-repeatable levels by time:
     D:1: 1323 daAuts
     D:2: 226 daAuts
